Senateurs vs Flyers

Created - December 17, 2020 at 19:07

Goals
1 2 3 OT1 SO T
Senateurs 1 0 2 0 2 4
Flyers 0 1 2 0 1 3
Shots
1 2 3 OT1 SO T
Senateurs 8 8 14 1 6 31
Flyers 8 7 12 2 6 29

1st period

1. Senateurs , Sidney Crosby 14 (Phil Kessel 15) at 6:29 (PP)

Penalties :
Chris Mcallister (Phi) for Hooking (Minor) at 1:33, Matt Smaby (Phi) for Holding (Minor) at 5:41, Arturs Kulda (Ott) for Boarding (Minor) at 7:15, Derek Boogaard (Ott) for Holding (Minor) at 15:08

2nd period

2. Flyers , J.T. Miller 13 (Marcus Kruger 14, Jeff Carter 20) at 3:41

Penalties :
Dylan Olsen (Phi) for High sticking (Minor) at 14:58

3rd period

3. Flyers , Jordan Nolan 13 (Drew Miller 12, Jakub Voracek 16) at 2:10 (PP)
4. Flyers , Chris Mcallister 6 (Nathan Beaulieu 7) at 3:48
5. Senateurs , Sidney Crosby 15 (Phil Kessel 16, Cody Franson 6) at 4:18
6. Senateurs , Peter Regin 1 (Denis Grebeshkov 5, Duncan Keith 8) at 13:06

Penalties :
Evgeni Malkin (Ott) for High sticking (Minor) at 1:02, Cody Franson (Ott) for Cross-checking (Minor) at 5:56, Jonathan Ericsson (Phi) for Boarding (Minor) at 6:13, Denis Grebeshkov (Ott) for Cross-checking (Minor) at 8:51, Derek Boogaard (Ott) for Interference (Minor) at 15:54

Overtime #1

No Goal

Penalties :
No Penalty

Shootout

Senateurs, Sidney Crosby - Goal!
Flyers, Jeff Carter - Goal!
Senateurs, Evgeni Malkin - Shot Misses the Net
Flyers, Jordan Nolan - Stopped by Jaroslav Halak
Senateurs, Phil Kessel - Stopped by Steve Mason
Flyers, J.T. Miller - Stopped by Jaroslav Halak
Senateurs, Derek Boogaard - Shot Misses the Net
Flyers, Marcus Kruger - Stopped by Jaroslav Halak
Senateurs, Marek Svatos - Stopped by Steve Mason
Flyers, Jakub Voracek - Shot Misses the Net
Senateurs, Peter Regin - Goal!
Flyers, Mats Zuccarello - Shot Misses the Net

Penalties :
No Penalty

Goalie Stats

Jaroslav Halak (Ott), 26 saves from 29 shots - (0.897), W, 8-12-4, 65:00 minutes
Steve Mason (Phi), 28 saves from 31 shots - (0.903), OTL, 10-6-5, 65:00 minutes

Players Stats for Senateurs

Player Name              G  A  P  +/- PIM S  H  SB GA TA FO     MP     PP MP  PK MP  
------------------------------------------------------------------------------------
Arturs Kulda             0  0  0   0  2   1  0  0  0  0  0/0    14:13   0:17   1:03 
Brian McGrattan          0  0  0   1  0   1  0  0  0  0  0/0     6:54   0:00   0:00 
Cody Franson             0  1  1   0  2   0  2  3  0  1  0/0    27:38   3:24   5:19 
Colby Armstrong          0  0  0  -1  0   5  1  0  0  0  1/2    13:42   0:06   0:00 
Denis Grebeshkov         0  1  1   0  2   1  2  2  0  0  0/0    22:16   1:39   2:59 
Derek Boogaard           0  0  0   1  4   5  2  0  2  1  2/2    20:38   2:48   1:12 
Dion Phaneuf             0  0  0   0  0   1  0  2  1  3  0/0    29:01   3:24   5:21 
Duncan Keith             0  1  1   0  0   0  1  0  0  1  0/0    22:46   1:39   4:00 
Evgeni Malkin            0  0  0  -1  2   4  2  0  1  2  3/6    20:06   2:09   4:37 
Jamie Benn               0  0  0  -1  0   1  0  0  0  0  0/0    14:29   2:09   1:48 
Marek Svatos             0  0  0  -1  0   1  0  0  0  0  0/1    12:06   2:09   0:00 
Matt Moulson             0  0  0   1  0   0  0  0  0  0  0/0     6:55   0:00   0:00 
Maxim Lapierre           0  0  0  -1  0   2  1  0  0  0  4/5    13:32   0:00   0:10 
Nate Prosser             0  0  0   0  0   2  0  1  0  1  0/0    14:26   0:00   0:00 
Peter Regin              1  0  1   1  0   1  1  1  0  0  0/4    10:31   0:00   2:58 
Phil Kessel              0  2  2   1  0   1  2  0  2  1  2/4    22:11   2:54   2:38 
Sergei Kostitsyn         0  0  0  -1  0   1  0  0  0  0  0/0    12:10   0:00   0:00 
Sidney Crosby            2  0  2   1  0   4  3  0  0  4  14/39  25:17   2:37   5:19 

Players Stats for Flyers

Player Name              G  A  P  +/- PIM S  H  SB GA TA FO     MP     PP MP  PK MP  
------------------------------------------------------------------------------------
Brock Nelson             0  0  0   0  0   1  2  0  0  0  0/0    13:54   0:00   0:09 
Chris Mcallister         1  0  1   1  2   4  1  0  0  0  0/0     9:13   0:00   1:28 
Drew Miller              0  1  1  -1  0   3  2  1  3  0  0/1    17:56   4:43   2:01 
Dylan Olsen              0  0  0   0  2   1  0  0  2  0  0/0    16:35   0:00   1:14 
Erik Christensen         0  0  0  -1  0   0  1  1  0  0  7/10   10:47   0:00   0:20 
J.T. Miller              1  0  1   0  0   3  1  0  1  0  3/3    22:11   4:38   1:51 
Jakub Voracek            0  1  1   0  0   2  2  0  2  1  0/1    21:29   4:43   0:00 
Jeff Carter              0  1  1   0  0   2  2  1  2  1  10/19  20:48   4:38   0:17 
Jeff Woywitka            0  0  0   0  0   0  3  0  0  0  0/0    25:09   4:20   3:26 
Jonathan Ericsson        0  0  0   0  2   1  0  0  2  0  0/0    22:07   5:21   1:33 
Jordan Nolan             1  0  1   0  0   2  1  0  0  0  11/18  22:39   4:43   1:29 
Marcus Kruger            0  1  1   0  0   2  0  0  1  0  0/5    17:53   4:38   0:23 
Mats Zuccarello          0  0  0  -1  0   1  0  1  0  0  0/0    10:14   0:00   0:00 
Matt Smaby               0  0  0   0  2   0  0  0  0  1  0/0    15:46   0:00   0:23 
Matthew Lombardi         0  0  0   1  0   0  0  0  0  0  6/6     9:37   0:00   2:31 
Nathan Beaulieu          0  1  1   1  0   3  1  1  1  2  0/0    23:48   3:59   1:50 
Oliver Ekman-Larsson     0  0  0  -1  0   3  2  2  0  1  0/0    25:54   5:01   1:17 
Ryan Callahan            0  0  0   1  0   1  0  0  0  0  0/0     7:11   0:00   0:00 

3 Stars

1 - Sidney Crosby (Ott)
2 - Phil Kessel (Ott)
3 - Peter Regin (Ott)

Power Play

Senateurs - 1 on 4 Attempt(s) - 25.00%
Flyers - 1 on 6 Attempt(s) - 16.67%

Penalty Kill

Senateurs - 5 on 6 Attempt(s) - 83.33% - Score 0 goal in Penalty Kill
Flyers - 3 on 4 Attempt(s) - 75.00% - Score 0 goal in Penalty Kill

Team Stat

Senateurs - Hits : 17 - Faceoff Wins : 26 - Blocked Shots : 9 - Penalty Minutes : 12
Flyers - Hits : 18 - Faceoff Wins : 37 - Blocked Shots : 7 - Penalty Minutes : 8

Official

Referees : Unknown
Linesman : Unknown

Game Notes

No Game Note

Finance

Level 1 -- Attendance: 4407 (73.45%) -- Ticket Income $550,875
Level 2 -- Attendance: 3753 (75.06%) -- Ticket Income $281,475
Level 3 -- Attendance: 1420 (71.00%) -- Ticket Income $71,000
Level 4 -- Attendance: 2335 (58.38%) -- Ticket Income $93,400
Luxury Box -- Attendance: 592 (59.20%) -- Ticket Income $148,000
Game was played at the Wells Fargo Center.
Total Attendance: 12507 (69.48%)
Total Ticket Income: $1,144,750
Other Income: $171,712
Total Income: $1,316,462

Senateurs

5 vs 5 Forward 
   Center                   Left Wing                Right Wing               Time % Phy DF OF 
 1 Sidney Crosby            Derek Boogaard           Phil Kessel              40     1   2  2  
 2 Evgeni Malkin            Jamie Benn               Marek Svatos             30     1   2  2  
 3 Maxim Lapierre           Sergei Kostitsyn         Colby Armstrong          20     1   2  2  
 4 Peter Regin              Matt Moulson             Brian McGrattan          10     1   2  2  

5 vs 5 Defense 
   Defense                  Defense                                           Time % Phy DF OF 
 1 Dion Phaneuf             Cody Franson                                      40     1   2  2  
 2 Duncan Keith             Denis Grebeshkov                                  30     1   2  2  
 3 Nate Prosser             Arturs Kulda                                      20     1   2  2  
 4 Dion Phaneuf             Cody Franson                                      10     1   2  2  

PowerPlay Forward 
   Center                   Left Wing                Right Wing               Time % Phy DF OF 
 1 Sidney Crosby            Derek Boogaard           Phil Kessel              60     1   2  2  
 2 Evgeni Malkin            Jamie Benn               Marek Svatos             40     1   2  2  

PowerPlay Defense
   Defense                  Defense                                           Time % Phy DF OF 
 1 Dion Phaneuf             Cody Franson                                      60     1   2  2  
 2 Duncan Keith             Denis Grebeshkov                                  40     1   2  2  

Penalty Kill 4 Players Forward 
   Center                   Wing                     Time % Phy DF OF 
 1 Sidney Crosby            Evgeni Malkin            60     1   2  2  
 2 Phil Kessel              Derek Boogaard           40     1   2  2  

Penalty Kill 4 Players Defense
   Defense                  Defense                  Time % Phy DF OF 
 1 Dion Phaneuf             Cody Franson             60     1   2  2  
 2 Duncan Keith             Denis Grebeshkov         40     1   2  2  

Penalty Kill - 3 Players Forward 
   Forward                                           Time % Phy DF OF 
 1 Sidney Crosby                                     60     1   2  2  
 2 Evgeni Malkin                                     40     1   2  2  

Penalty Kill - 3 Players Defense
   Defense                  Defense                  Time % Phy DF OF 
 1 Dion Phaneuf             Cody Franson             60     1   2  2  
 2 Duncan Keith             Denis Grebeshkov         40     1   2  2  

4 vs 4 Forward 
   Center                   Wing                     Time % Phy DF OF 
 1 Sidney Crosby            Evgeni Malkin            60     1   2  2  
 2 Phil Kessel              Derek Boogaard           40     1   2  2  

4 vs 4 Defense
   Defense                  Defense                  Time % Phy DF OF 
 1 Dion Phaneuf             Cody Franson             60     1   2  2  
 2 Duncan Keith             Denis Grebeshkov         40     1   2  2  

Last Minutes Offensive
   Center                   Left Wing                Right Wing               Defense                  Defense                  
   Sidney Crosby            Derek Boogaard           Phil Kessel              Dion Phaneuf             Cody Franson             

Last Minutes Defensive
   Center                   Left Wing                Right Wing               Defense                  Defense                  
   Sidney Crosby            Derek Boogaard           Phil Kessel              Dion Phaneuf             Cody Franson             

Goaltenders
Starting : Jaroslav Halak           
Backup : Jonas Hiller             

Extra Forwards
Normal : Colby Armstrong, Maxim Lapierre, Peter Regin - PP : Colby Armstrong, Maxim Lapierre - PK : Peter Regin
Extra Defensemen
Normal : Nate Prosser, Arturs Kulda, Duncan Keith - PP : Nate Prosser - PK : Arturs Kulda, Duncan Keith
Penalty Shots
Sidney Crosby, Evgeni Malkin, Phil Kessel, Derek Boogaard, Marek Svatos

Scratches
None

Flyers

5 vs 5 Forward 
   Center                   Left Wing                Right Wing               Time % Phy DF OF 
 1 Jeff Carter              J.T. Miller              Marcus Kruger            33     0   1  4  
 2 Jordan Nolan             Brock Nelson             Jakub Voracek            32     0   1  4  
 3 Erik Christensen         Drew Miller              Mats Zuccarello          25     0   2  3  
 4 Matthew Lombardi         Chris Mcallister         Ryan Callahan            10     0   4  1  

5 vs 5 Defense 
   Defense                  Defense                                           Time % Phy DF OF 
 1 Oliver Ekman-Larsson     Jonathan Ericsson                                 30     1   3  1  
 2 Jeff Woywitka            Nathan Beaulieu                                   30     1   3  1  
 3 Dylan Olsen              Matt Smaby                                        30     1   3  1  
 4 Oliver Ekman-Larsson     Jeff Woywitka                                     10     1   3  1  

PowerPlay Forward 
   Center                   Left Wing                Right Wing               Time % Phy DF OF 
 1 Jeff Carter              J.T. Miller              Marcus Kruger            50     0   1  4  
 2 Jordan Nolan             Drew Miller              Jakub Voracek            50     0   1  4  

PowerPlay Defense
   Defense                  Defense                                           Time % Phy DF OF 
 1 Oliver Ekman-Larsson     Nathan Beaulieu                                   50     0   2  3  
 2 Jonathan Ericsson        Jeff Woywitka                                     50     0   2  3  

Penalty Kill 4 Players Forward 
   Center                   Wing                     Time % Phy DF OF 
 1 Matthew Lombardi         Chris Mcallister         50     0   4  1  
 2 Jordan Nolan             Drew Miller              50     0   4  1  

Penalty Kill 4 Players Defense
   Defense                  Defense                  Time % Phy DF OF 
 1 Oliver Ekman-Larsson     Dylan Olsen              50     1   4  0  
 2 Jeff Woywitka            Jonathan Ericsson        50     1   4  0  

Penalty Kill - 3 Players Forward 
   Forward                                           Time % Phy DF OF 
 1 Matthew Lombardi                                  50     0   4  1  
 2 Jordan Nolan                                      50     0   4  1  

Penalty Kill - 3 Players Defense
   Defense                  Defense                  Time % Phy DF OF 
 1 Oliver Ekman-Larsson     Dylan Olsen              50     1   4  0  
 2 Jeff Woywitka            Jonathan Ericsson        50     1   4  0  

4 vs 4 Forward 
   Center                   Wing                     Time % Phy DF OF 
 1 Jeff Carter              J.T. Miller              50     0   2  3  
 2 Jordan Nolan             Jakub Voracek            50     0   2  3  

4 vs 4 Defense
   Defense                  Defense                  Time % Phy DF OF 
 1 Oliver Ekman-Larsson     Nathan Beaulieu          50     1   3  1  
 2 Jeff Woywitka            Jonathan Ericsson        50     1   3  1  

Last Minutes Offensive
   Center                   Left Wing                Right Wing               Defense                  Defense                  
   Jeff Carter              J.T. Miller              Jakub Voracek            Oliver Ekman-Larsson     Jeff Woywitka            

Last Minutes Defensive
   Center                   Left Wing                Right Wing               Defense                  Defense                  
   Matthew Lombardi         Drew Miller              Mats Zuccarello          Oliver Ekman-Larsson     Dylan Olsen              

Goaltenders
Starting : Steve Mason              
Backup : Ray Emery                

Extra Forwards
Normal : Jeff Carter, Jordan Nolan, Drew Miller - PP : Jeff Carter, Jordan Nolan - PK : Drew Miller
Extra Defensemen
Normal : Oliver Ekman-Larsson, Jeff Woywitka, Jonathan Ericsson - PP : Oliver Ekman-Larsson - PK : Oliver Ekman-Larsson, Jeff Woywitka
Penalty Shots
Jeff Carter, Jordan Nolan, J.T. Miller, Marcus Kruger, Jakub Voracek

Scratches
Brian Lashoff (Healthy)

% Time on Ice - Senateurs

Lines # - Real PCT - Wanted PCT - Time Play
Normal Forward
1 - 34% - 40% - 14:45
2 - 24% - 30% - 10:22
3 - 28% - 20% - 12:10
4 - 15% - 10% - 6:37
Normal Defense
1 - 38% - 40% - 16:33
2 - 34% - 30% - 14:49
3 - 28% - 20% - 12:23
4 - 0% - 10% - 0:09
PP Forward
1 - 52% - 60% - 2:37
2 - 48% - 40% - 2:26
PP Defense
1 - 67% - 60% - 3:24
2 - 33% - 40% - 1:39
PK Forward
1 - 72% - 60% - 6:43
2 - 28% - 40% - 2:38
PK Defense
1 - 58% - 60% - 5:24
2 - 42% - 40% - 3:57
PK3 Forward
1 - 0% - 60%
2 - 0% - 40%
PK3 Defense
1 - 0% - 60%
2 - 0% - 40%
44 Forward
1 - 67% - 60% - 4:29
2 - 33% - 40% - 2:13
44 Defense
1 - 60% - 60% - 4:03
2 - 40% - 40% - 2:39
Last Minute Offensive  - 0:00
Last Minute Defensive  - 0:00
Total
Forward - 65:00
Defense - 65:00

% Time on Ice - Flyers

Lines # - Real PCT - Wanted PCT - Time Play
Normal Forward
1 - 29% - 33% - 12:39
2 - 32% - 32% - 13:55
3 - 23% - 25% - 10:14
4 - 16% - 10% - 7:06
Normal Defense
1 - 32% - 30% - 14:07
2 - 30% - 30% - 13:06
3 - 35% - 30% - 15:21
4 - 3% - 10% - 1:20
PP Forward
1 - 50% - 50% - 4:38
2 - 50% - 50% - 4:43
PP Defense
1 - 49% - 50% - 4:33
2 - 51% - 50% - 4:48
PK Forward
1 - 74% - 50% - 3:43
2 - 26% - 50% - 1:20
PK Defense
1 - 64% - 50% - 3:13
2 - 36% - 50% - 1:50
PK3 Forward
1 - 0% - 50%
2 - 0% - 50%
PK3 Defense
1 - 0% - 50%
2 - 0% - 50%
44 Forward
1 - 48% - 50% - 3:13
2 - 52% - 50% - 3:29
44 Defense
1 - 51% - 50% - 3:26
2 - 49% - 50% - 3:16
Last Minute Offensive  - 0:00
Last Minute Defensive  - 0:00
Total
Forward - 65:00
Defense - 65:00

Play-by-Play

1st period


0:01 of 1st period - Sidney Crosby wins face-off versus Jeff Carter in neutral zone.
0:14 of 1st period - Snap shot by Jeff Carter.
0:14 of 1st period - Shot Misses the Net.
0:28 of 1st period - Wrist shot by Evgeni Malkin.
0:28 of 1st period - Deflect By Marek Svatos.
0:28 of 1st period - Stopped by Steve Mason with a rebound.
1:00 of 1st period - Sergei Kostitsyn is hit by Drew Miller.
1:33 of 1st period - Minor Penalty to Chris Mcallister for Hooking.
1:34 of 1st period - Matthew Lombardi wins face-off versus Sidney Crosby in Flyers zone.
3:33 of 1st period - Penalty to Chris Mcallister is over, Chris Mcallister is back on ice.
4:27 of 1st period - Derek Boogaard is hit by Brock Nelson and loses puck.
4:46 of 1st period - Dylan Olsen is hit by Duncan Keith and loses puck.
5:41 of 1st period - Minor Penalty to Matt Smaby for Holding.
5:42 of 1st period - Jordan Nolan wins face-off versus Sidney Crosby in Flyers zone.
5:52 of 1st period - Jonathan Ericsson is hit by Cody Franson and loses puck.
6:29 of 1st period - Wrist shot by Sidney Crosby.
6:29 of 1st period - Goal by Sidney Crosby - Senateurs : 1 - Flyers : 0.
6:30 of 1st period - Sidney Crosby wins face-off versus Jeff Carter in neutral zone.
6:37 of 1st period - Snap shot by Sidney Crosby.
6:37 of 1st period - Stopped by Steve Mason without a rebound.
6:38 of 1st period - J.T. Miller wins face-off versus Sidney Crosby in Flyers zone.
6:38 of 1st period - J.T. Miller is hit by Sidney Crosby.
6:44 of 1st period - Wrist shot by Jeff Carter.
6:44 of 1st period - Shot Misses the Net.
6:56 of 1st period - Wrist shot by J.T. Miller.
6:56 of 1st period - Stopped by Jaroslav Halak with a rebound.
6:58 of 1st period - Snap shot by Dylan Olsen.
6:58 of 1st period - Shot Misses the Net.
7:00 of 1st period - Backhand shot by Dylan Olsen.
7:00 of 1st period - Shot Blocked by Cody Franson.
7:02 of 1st period - Slapshot by Dylan Olsen.
7:02 of 1st period - Stopped by Jaroslav Halak with a rebound.
7:04 of 1st period - Snap shot by Jeff Carter.
7:04 of 1st period - Shot Misses the Net.
7:06 of 1st period - Snap shot by Jeff Carter.
7:06 of 1st period - Stopped by Jaroslav Halak with a rebound.
7:12 of 1st period - Snap shot by Jeff Carter.
7:12 of 1st period - Deflect By Marcus Kruger.
7:12 of 1st period - Shot Misses the Net.
7:12 of 1st period - Puck is out of play.
7:13 of 1st period - Evgeni Malkin wins face-off versus Jordan Nolan in Senateurs zone.
7:15 of 1st period - Minor Penalty to Arturs Kulda for Boarding.
7:16 of 1st period - Sidney Crosby wins face-off versus Marcus Kruger in Senateurs zone.
7:24 of 1st period - Nathan Beaulieu is hit by Sidney Crosby and loses puck.
8:40 of 1st period - Denis Grebeshkov is hit by Jordan Nolan and loses puck.
9:15 of 1st period - Penalty to Arturs Kulda is over, Arturs Kulda is back on ice.
9:30 of 1st period - Wrist shot by Brian McGrattan.
9:30 of 1st period - Shot Misses the Net.
9:32 of 1st period - Slapshot by Nate Prosser.
9:32 of 1st period - Stopped by Steve Mason with a rebound.
9:34 of 1st period - Snap shot by Brian McGrattan.
9:34 of 1st period - Shot Blocked by Oliver Ekman-Larsson.
9:36 of 1st period - Backhand shot by Peter Regin.
9:36 of 1st period - Shot Misses the Net.
10:22 of 1st period - Wrist shot by Matthew Lombardi.
10:22 of 1st period - Shot Misses the Net.
10:24 of 1st period - Snap shot by Matthew Lombardi.
10:24 of 1st period - Shot Blocked by Denis Grebeshkov.
10:30 of 1st period - Slapshot by Oliver Ekman-Larsson.
10:30 of 1st period - Shot Misses the Net.
10:34 of 1st period - Snap shot by Ryan Callahan.
10:34 of 1st period - Deflect By Matthew Lombardi.
10:34 of 1st period - Shot Blocked by Denis Grebeshkov.
10:34 of 1st period - Puck is out of play.
10:35 of 1st period - Maxim Lapierre wins face-off versus Jordan Nolan in Senateurs zone.
10:44 of 1st period - Wrist shot by Cody Franson.
10:44 of 1st period - Shot Misses the Net.
11:07 of 1st period - Jamie Benn is hit by Jeff Carter and loses puck.
11:46 of 1st period - Snap shot by Jordan Nolan.
11:46 of 1st period - Shot Misses the Net.
11:52 of 1st period - Wrist shot by Peter Regin.
11:52 of 1st period - Shot Misses the Net.
11:54 of 1st period - Slapshot by Denis Grebeshkov.
11:54 of 1st period - Deflect By Jordan Nolan.
11:54 of 1st period - Stopped by Steve Mason without a rebound.
11:55 of 1st period - Evgeni Malkin wins face-off versus Jeff Carter in Flyers zone.
12:02 of 1st period - Wrist shot by Evgeni Malkin.
12:02 of 1st period - Shot Misses the Net.
12:04 of 1st period - Backhand shot by Evgeni Malkin.
12:04 of 1st period - Stopped by Steve Mason without a rebound.
12:05 of 1st period - Evgeni Malkin wins face-off versus Jeff Carter in Flyers zone.
12:12 of 1st period - Snap shot by Marek Svatos.
12:12 of 1st period - Shot Misses the Net.
12:14 of 1st period - Wrist shot by Jamie Benn.
12:14 of 1st period - Shot Misses the Net.
12:16 of 1st period - Slapshot by Evgeni Malkin.
12:16 of 1st period - Shot Misses the Net.
12:18 of 1st period - Slapshot by Jamie Benn.
12:18 of 1st period - Deflect By Evgeni Malkin.
12:18 of 1st period - Stopped by Steve Mason without a rebound.
12:19 of 1st period - Jordan Nolan wins face-off versus Sidney Crosby in Flyers zone.
12:34 of 1st period - Snap shot by Sidney Crosby.
12:34 of 1st period - Shot Misses the Net.
12:44 of 1st period - Evgeni Malkin is hit by Nathan Beaulieu and loses puck.
13:05 of 1st period - Denis Grebeshkov is hit by Erik Christensen and loses puck.
13:37 of 1st period - Icing by Matthew Lombardi.
13:38 of 1st period - Matthew Lombardi wins face-off versus Peter Regin in Flyers zone.
13:43 of 1st period - Cody Franson is hit by Brock Nelson and loses puck.
14:06 of 1st period - Slapshot by Jamie Benn.
14:06 of 1st period - Shot Misses the Net.
14:58 of 1st period - Snap shot by Chris Mcallister.
14:58 of 1st period - Stopped by Jaroslav Halak with a rebound.
15:08 of 1st period - Minor Penalty to Derek Boogaard for Holding.
15:09 of 1st period - Jeff Carter wins face-off versus Sidney Crosby in Senateurs zone.
15:42 of 1st period - Dion Phaneuf is hit by Oliver Ekman-Larsson and loses puck.
15:47 of 1st period - Slapshot by Jordan Nolan.
15:47 of 1st period - Stopped by Jaroslav Halak without a rebound.
15:48 of 1st period - Phil Kessel wins face-off versus Marcus Kruger in Senateurs zone.
16:09 of 1st period - Denis Grebeshkov is hit by Oliver Ekman-Larsson and loses puck.
16:16 of 1st period - Wrist shot by Jordan Nolan.
16:16 of 1st period - Shot Blocked by Peter Regin.
17:08 of 1st period - Penalty to Derek Boogaard is over, Derek Boogaard is back on ice.
17:19 of 1st period - Nate Prosser is hit by Chris Mcallister and loses puck.
17:56 of 1st period - Icing by Peter Regin.
17:57 of 1st period - Jordan Nolan wins face-off versus Peter Regin in Senateurs zone.
18:02 of 1st period - Wrist shot by Jakub Voracek.
18:02 of 1st period - Shot Misses the Net.
18:12 of 1st period - Wrist shot by Jakub Voracek.
18:12 of 1st period - Stopped by Jaroslav Halak without a rebound.
18:13 of 1st period - Jeff Carter wins face-off versus Sidney Crosby in Senateurs zone.
18:16 of 1st period - Wrist shot by Marcus Kruger.
18:16 of 1st period - Stopped by Jaroslav Halak without a rebound.
18:17 of 1st period - J.T. Miller wins face-off versus Sidney Crosby in Senateurs zone.
19:12 of 1st period - Slapshot by Brian McGrattan.
19:12 of 1st period - Stopped by Steve Mason without a rebound.
19:13 of 1st period - Erik Christensen wins face-off versus Peter Regin in Flyers zone.
19:30 of 1st period - Slapshot by Drew Miller.
19:30 of 1st period - Stopped by Jaroslav Halak without a rebound.
19:31 of 1st period - Derek Boogaard wins face-off versus Marcus Kruger in Senateurs zone.
Goals for this period are 1 for Senateurs vs 0 for Flyers.
Shots for this period are 8 for Senateurs vs 8 for Flyers.

2nd period


0:01 of 2nd period - Sidney Crosby wins face-off versus Jordan Nolan in neutral zone.
0:04 of 2nd period - Slapshot by Derek Boogaard.
0:04 of 2nd period - Stopped by Steve Mason without a rebound.
0:05 of 2nd period - Sidney Crosby wins face-off versus Jordan Nolan in Flyers zone.
1:04 of 2nd period - Snap shot by Drew Miller.
1:04 of 2nd period - Shot Misses the Net.
1:06 of 2nd period - Slapshot by Oliver Ekman-Larsson.
1:06 of 2nd period - Stopped by Jaroslav Halak without a rebound.
1:07 of 2nd period - Jordan Nolan wins face-off versus Sidney Crosby in Senateurs zone.
2:01 of 2nd period - Snap shot by Colby Armstrong.
2:01 of 2nd period - Stopped by Steve Mason without a rebound.
2:02 of 2nd period - Jordan Nolan wins face-off versus Sidney Crosby in Flyers zone.
2:11 of 2nd period - Wrist shot by Jordan Nolan.
2:11 of 2nd period - Shot Misses the Net.
2:13 of 2nd period - Slapshot by Jeff Woywitka.
2:13 of 2nd period - Shot Blocked by Cody Franson.
3:41 of 2nd period - Wrist shot by J.T. Miller.
3:41 of 2nd period - Goal by J.T. Miller - Senateurs : 1 - Flyers : 1.
3:42 of 2nd period - Sidney Crosby wins face-off versus Jakub Voracek in neutral zone.
4:18 of 2nd period - Slapshot by Evgeni Malkin.
4:18 of 2nd period - Shot Blocked by Mats Zuccarello.
4:28 of 2nd period - Snap shot by Drew Miller.
4:28 of 2nd period - Deflect By Ryan Callahan.
4:28 of 2nd period - Stopped by Jaroslav Halak with a rebound.
4:30 of 2nd period - Slapshot by Chris Mcallister.
4:30 of 2nd period - Stopped by Jaroslav Halak with a rebound.
5:28 of 2nd period - Wrist shot by Jamie Benn.
5:28 of 2nd period - Shot Misses the Net.
6:53 of 2nd period - Snap shot by Jeff Carter.
6:53 of 2nd period - Shot Misses the Net.
7:14 of 2nd period - Snap shot by Drew Miller.
7:14 of 2nd period - Stopped by Jaroslav Halak with a rebound.
7:16 of 2nd period - Slapshot by Dylan Olsen.
7:16 of 2nd period - Shot Misses the Net.
7:38 of 2nd period - Jordan Nolan is hit by Colby Armstrong and loses puck.
7:43 of 2nd period - Wrist shot by Sergei Kostitsyn.
7:43 of 2nd period - Stopped by Steve Mason without a rebound.
7:44 of 2nd period - Jeff Carter wins face-off versus Evgeni Malkin in Flyers zone.
8:20 of 2nd period - Off-side.
8:21 of 2nd period - Erik Christensen wins face-off versus Sidney Crosby in neutral zone.
8:47 of 2nd period - Slapshot by Colby Armstrong.
8:47 of 2nd period - Stopped by Steve Mason with a rebound.
8:49 of 2nd period - Slapshot by Nate Prosser.
8:49 of 2nd period - Shot Blocked by Nathan Beaulieu.
8:51 of 2nd period - Slapshot by Maxim Lapierre.
8:51 of 2nd period - Shot Blocked by Drew Miller.
8:53 of 2nd period - Slapshot by Colby Armstrong.
8:53 of 2nd period - Stopped by Steve Mason without a rebound.
8:54 of 2nd period - Maxim Lapierre wins face-off versus Jordan Nolan in Flyers zone.
8:55 of 2nd period - Wrist shot by Sergei Kostitsyn.
8:55 of 2nd period - Shot Misses the Net.
9:05 of 2nd period - Wrist shot by Colby Armstrong.
9:05 of 2nd period - Stopped by Steve Mason with a rebound.
9:07 of 2nd period - Snap shot by Sergei Kostitsyn.
9:07 of 2nd period - Shot Misses the Net.
9:09 of 2nd period - Snap shot by Arturs Kulda.
9:09 of 2nd period - Stopped by Steve Mason with a rebound.
9:11 of 2nd period - Snap shot by Maxim Lapierre.
9:11 of 2nd period - Stopped by Steve Mason with a rebound.
10:11 of 2nd period - Maxim Lapierre is hit by Jakub Voracek and loses puck.
10:56 of 2nd period - Snap shot by Jakub Voracek.
10:56 of 2nd period - Shot Blocked by Nate Prosser.
12:32 of 2nd period - Snap shot by Jakub Voracek.
12:32 of 2nd period - Stopped by Jaroslav Halak with a rebound.
12:58 of 2nd period - Jordan Nolan is hit by Maxim Lapierre and loses puck.
13:25 of 2nd period - Snap shot by Maxim Lapierre.
13:25 of 2nd period - Shot Misses the Net.
13:43 of 2nd period - Backhand shot by Jonathan Ericsson.
13:43 of 2nd period - Stopped by Jaroslav Halak without a rebound.
13:44 of 2nd period - Jeff Carter wins face-off versus Phil Kessel in Senateurs zone.
14:39 of 2nd period - Wrist shot by Brian McGrattan.
14:39 of 2nd period - Deflect By Chris Mcallister.
14:39 of 2nd period - Shot Misses the Net.
14:39 of 2nd period - Puck is out of play.
14:40 of 2nd period - Jeff Carter wins face-off versus Sidney Crosby in Flyers zone.
14:55 of 2nd period - Slapshot by Cody Franson.
14:55 of 2nd period - Deflect By Phil Kessel.
14:55 of 2nd period - Shot Misses the Net.
14:55 of 2nd period - Puck is out of play.
14:56 of 2nd period - Erik Christensen wins face-off versus Evgeni Malkin in Flyers zone.
14:58 of 2nd period - Minor Penalty to Dylan Olsen for High sticking.
14:59 of 2nd period - Matthew Lombardi wins face-off versus Sidney Crosby in Flyers zone.
15:04 of 2nd period - Icing by Dion Phaneuf.
15:05 of 2nd period - Matthew Lombardi wins face-off versus Sidney Crosby in Senateurs zone.
15:14 of 2nd period - Snap shot by Cody Franson.
15:14 of 2nd period - Deflect By Sidney Crosby.
15:14 of 2nd period - Shot Misses the Net.
15:14 of 2nd period - Puck is out of play.
15:15 of 2nd period - Matthew Lombardi wins face-off versus Sidney Crosby in Flyers zone.
15:24 of 2nd period - Chris Mcallister is hit by Sidney Crosby and loses puck.
16:58 of 2nd period - Penalty to Dylan Olsen is over, Dylan Olsen is back on ice.
17:02 of 2nd period - Jeff Woywitka is hit by Phil Kessel and loses puck.
17:13 of 2nd period - Drew Miller is hit by Denis Grebeshkov and loses puck.
18:36 of 2nd period - Jamie Benn is hit by Drew Miller and loses puck.
Goals for this period are 0 for Senateurs vs 1 for Flyers.
Shots for this period are 8 for Senateurs vs 7 for Flyers.

3rd period


0:01 of 3rd period - Sidney Crosby wins face-off versus Jeff Carter in neutral zone.
0:25 of 3rd period - Erik Christensen is hit by Cody Franson and loses puck.
1:02 of 3rd period - Minor Penalty to Evgeni Malkin for High sticking.
1:03 of 3rd period - Jordan Nolan wins face-off versus Sidney Crosby in Senateurs zone.
1:30 of 3rd period - Duncan Keith is hit by J.T. Miller and loses puck.
1:51 of 3rd period - Snap shot by Drew Miller.
1:51 of 3rd period - Stopped by Jaroslav Halak without a rebound.
1:52 of 3rd period - Maxim Lapierre wins face-off versus Jordan Nolan in Senateurs zone.
2:00 of 3rd period - Off-side.
2:01 of 3rd period - Jordan Nolan wins face-off versus Peter Regin in neutral zone.
2:08 of 3rd period - Snap shot by Drew Miller.
2:08 of 3rd period - Shot Blocked by Cody Franson.
2:10 of 3rd period - Slapshot by Jordan Nolan.
2:10 of 3rd period - Goal by Jordan Nolan - Senateurs : 1 - Flyers : 2.
2:11 of 3rd period - Sidney Crosby wins face-off versus Marcus Kruger in neutral zone.
2:42 of 3rd period - Snap shot by Evgeni Malkin.
2:42 of 3rd period - Shot Blocked by Erik Christensen.
2:44 of 3rd period - Wrist shot by Evgeni Malkin.
2:44 of 3rd period - Shot Misses the Net.
2:46 of 3rd period - Snap shot by Jamie Benn.
2:46 of 3rd period - Stopped by Steve Mason without a rebound.
2:47 of 3rd period - Sidney Crosby wins face-off versus Erik Christensen in Flyers zone.
2:50 of 3rd period - Snap shot by Phil Kessel.
2:50 of 3rd period - Deflect By Derek Boogaard.
2:50 of 3rd period - Stopped by Steve Mason without a rebound.
2:51 of 3rd period - Derek Boogaard wins face-off versus Erik Christensen in Flyers zone.
3:48 of 3rd period - Snap shot by Chris Mcallister.
3:48 of 3rd period - Goal by Chris Mcallister - Senateurs : 1 - Flyers : 3.
3:49 of 3rd period - Jeff Carter wins face-off versus Sidney Crosby in neutral zone.
3:52 of 3rd period - Slapshot by Nathan Beaulieu.
3:52 of 3rd period - Stopped by Jaroslav Halak with a rebound.
3:54 of 3rd period - Snap shot by Marcus Kruger.
3:54 of 3rd period - Shot Misses the Net.
3:56 of 3rd period - Snap shot by J.T. Miller.
3:56 of 3rd period - Stopped by Jaroslav Halak with a rebound.
3:58 of 3rd period - Slapshot by Nathan Beaulieu.
3:58 of 3rd period - Shot Misses the Net.
4:00 of 3rd period - Wrist shot by Marcus Kruger.
4:00 of 3rd period - Shot Misses the Net.
4:02 of 3rd period - Slapshot by Jeff Woywitka.
4:02 of 3rd period - Deflect By Marcus Kruger.
4:02 of 3rd period - Stopped by Jaroslav Halak without a rebound.
4:03 of 3rd period - Sidney Crosby wins face-off versus Marcus Kruger in Senateurs zone.
4:16 of 3rd period - Snap shot by Sidney Crosby.
4:16 of 3rd period - Shot Misses the Net.
4:18 of 3rd period - Snap shot by Sidney Crosby.
4:18 of 3rd period - Goal by Sidney Crosby - Senateurs : 2 - Flyers : 3.
4:19 of 3rd period - Sidney Crosby wins face-off versus Jeff Carter in neutral zone.
4:24 of 3rd period - Wrist shot by Phil Kessel.
4:24 of 3rd period - Stopped by Steve Mason without a rebound.
4:25 of 3rd period - Jeff Carter wins face-off versus Sidney Crosby in Flyers zone.
4:52 of 3rd period - Erik Christensen is hit by Evgeni Malkin and loses puck.
5:19 of 3rd period - Wrist shot by Brock Nelson.
5:19 of 3rd period - Stopped by Jaroslav Halak with a rebound.
5:45 of 3rd period - Snap shot by Ryan Callahan.
5:45 of 3rd period - Shot Misses the Net.
5:47 of 3rd period - Slapshot by Nathan Beaulieu.
5:47 of 3rd period - Deflect By Denis Grebeshkov.
5:47 of 3rd period - Stopped by Jaroslav Halak without a rebound.
5:48 of 3rd period - Jeff Carter wins face-off versus Sidney Crosby in Senateurs zone.
5:53 of 3rd period - Snap shot by J.T. Miller.
5:53 of 3rd period - Deflect By Jeff Carter.
5:53 of 3rd period - Stopped by Jaroslav Halak without a rebound.
5:54 of 3rd period - Jeff Carter wins face-off versus Sidney Crosby in Senateurs zone.
5:56 of 3rd period - Minor Penalty to Cody Franson for Cross-checking.
5:57 of 3rd period - Jordan Nolan wins face-off versus Sidney Crosby in Senateurs zone.
6:11 of 3rd period - Snap shot by Dion Phaneuf.
6:11 of 3rd period - Deflect By Jeff Woywitka.
6:11 of 3rd period - Stopped by Steve Mason with a rebound.
6:13 of 3rd period - Minor Penalty to Jonathan Ericsson for Boarding.
6:14 of 3rd period - Sidney Crosby wins face-off versus Jeff Carter in Flyers zone.
6:23 of 3rd period - Snap shot by Evgeni Malkin.
6:23 of 3rd period - Stopped by Steve Mason with a rebound.
6:25 of 3rd period - Snap shot by Sidney Crosby.
6:25 of 3rd period - Shot Misses the Net.
6:27 of 3rd period - Slapshot by Dion Phaneuf.
6:27 of 3rd period - Shot Blocked by Jeff Carter.
6:29 of 3rd period - Snap shot by Evgeni Malkin.
6:29 of 3rd period - Shot Misses the Net.
6:31 of 3rd period - Wrist shot by Sidney Crosby.
6:31 of 3rd period - Shot Misses the Net.
6:38 of 3rd period - Icing by Oliver Ekman-Larsson.
6:39 of 3rd period - Jordan Nolan wins face-off versus Sidney Crosby in Flyers zone.
7:12 of 3rd period - Dion Phaneuf is hit by Jeff Woywitka and loses puck.
7:19 of 3rd period - Snap shot by Nate Prosser.
7:19 of 3rd period - Stopped by Steve Mason without a rebound.
7:20 of 3rd period - Jordan Nolan wins face-off versus Sidney Crosby in Flyers zone.
7:20 of 3rd period - Jordan Nolan is hit by Evgeni Malkin.
7:45 of 3rd period - Denis Grebeshkov is hit by Jeff Carter and loses puck.
7:56 of 3rd period - Penalty to Cody Franson is over, Cody Franson is back on ice.
8:13 of 3rd period - Penalty to Jonathan Ericsson is over, Jonathan Ericsson is back on ice.
8:14 of 3rd period - Snap shot by Derek Boogaard.
8:14 of 3rd period - Stopped by Steve Mason without a rebound.
8:15 of 3rd period - Erik Christensen wins face-off versus Marek Svatos in Flyers zone.
8:51 of 3rd period - Minor Penalty to Denis Grebeshkov for Cross-checking.
8:52 of 3rd period - J.T. Miller wins face-off versus Sidney Crosby in Senateurs zone.
9:18 of 3rd period - Evgeni Malkin is hit by Jakub Voracek and loses puck.
10:51 of 3rd period - Penalty to Denis Grebeshkov is over, Denis Grebeshkov is back on ice.
11:02 of 3rd period - Wrist shot by Maxim Lapierre.
11:02 of 3rd period - Stopped by Steve Mason without a rebound.
11:03 of 3rd period - Matthew Lombardi wins face-off versus Colby Armstrong in Flyers zone.
11:47 of 3rd period - Slapshot by Marcus Kruger.
11:47 of 3rd period - Shot Blocked by Dion Phaneuf.
11:49 of 3rd period - Slapshot by Nathan Beaulieu.
11:49 of 3rd period - Stopped by Jaroslav Halak with a rebound.
11:53 of 3rd period - Snap shot by Marcus Kruger.
11:53 of 3rd period - Shot Misses the Net.
12:33 of 3rd period - Snap shot by Chris Mcallister.
12:33 of 3rd period - Stopped by Jaroslav Halak with a rebound.
12:35 of 3rd period - Snap shot by Matthew Lombardi.
12:35 of 3rd period - Shot Misses the Net.
13:06 of 3rd period - Slapshot by Peter Regin.
13:06 of 3rd period - Goal by Peter Regin - Senateurs : 3 - Flyers : 3.
13:07 of 3rd period - Sidney Crosby wins face-off versus Jeff Carter in neutral zone.
13:42 of 3rd period - Snap shot by Evgeni Malkin.
13:42 of 3rd period - Stopped by Steve Mason without a rebound.
13:43 of 3rd period - Erik Christensen wins face-off versus Evgeni Malkin in Flyers zone.
14:14 of 3rd period - Wrist shot by Sidney Crosby.
14:14 of 3rd period - Stopped by Steve Mason with a rebound.
14:16 of 3rd period - Wrist shot by Phil Kessel.
14:16 of 3rd period - Deflect By Derek Boogaard.
14:16 of 3rd period - Stopped by Steve Mason with a rebound.
15:29 of 3rd period - Icing by Matt Smaby.
15:30 of 3rd period - Erik Christensen wins face-off versus Phil Kessel in Flyers zone.
15:30 of 3rd period - Erik Christensen is hit by Derek Boogaard.
15:54 of 3rd period - Minor Penalty to Derek Boogaard for Interference.
15:55 of 3rd period - Jeff Carter wins face-off versus Sidney Crosby in Senateurs zone.
17:00 of 3rd period - J.T. Miller is hit by Denis Grebeshkov and loses puck.
17:54 of 3rd period - Penalty to Derek Boogaard is over, Derek Boogaard is back on ice.
18:25 of 3rd period - Icing by Denis Grebeshkov.
18:26 of 3rd period - Maxim Lapierre wins face-off versus Erik Christensen in Senateurs zone.
18:33 of 3rd period - Wrist shot by Colby Armstrong.
18:33 of 3rd period - Stopped by Steve Mason without a rebound.
18:34 of 3rd period - Erik Christensen wins face-off versus Maxim Lapierre in Flyers zone.
18:39 of 3rd period - Snap shot by Mats Zuccarello.
18:39 of 3rd period - Stopped by Jaroslav Halak with a rebound.
19:26 of 3rd period - Cody Franson is hit by Jeff Woywitka and loses puck.
19:47 of 3rd period - Slapshot by Denis Grebeshkov.
19:47 of 3rd period - Shot Misses the Net.
19:50 of 3rd period - Icing by Jakub Voracek.
19:51 of 3rd period - Sidney Crosby wins face-off versus Jordan Nolan in Flyers zone.
Goals for this period are 2 for Senateurs vs 2 for Flyers.
Shots for this period are 14 for Senateurs vs 12 for Flyers.

Overtime #1


0:01 of 1st overtime period - Jordan Nolan wins face-off versus Sidney Crosby in neutral zone.
0:10 of 1st overtime period - Snap shot by Jakub Voracek.
0:10 of 1st overtime period - Shot Blocked by Dion Phaneuf.
2:00 of 1st overtime period - Slapshot by Oliver Ekman-Larsson.
2:00 of 1st overtime period - Stopped by Jaroslav Halak with a rebound.
2:02 of 1st overtime period - Backhand shot by Oliver Ekman-Larsson.
2:02 of 1st overtime period - Stopped by Jaroslav Halak without a rebound.
2:03 of 1st overtime period - Colby Armstrong wins face-off versus Drew Miller in Senateurs zone.
2:32 of 1st overtime period - Jordan Nolan is hit by Derek Boogaard and loses puck.
3:32 of 1st overtime period - J.T. Miller is hit by Peter Regin and loses puck.
3:49 of 1st overtime period - Sidney Crosby is hit by Jeff Woywitka and loses puck.
4:04 of 1st overtime period - Slapshot by Derek Boogaard.
4:04 of 1st overtime period - Stopped by Steve Mason without a rebound.
4:05 of 1st overtime period - Phil Kessel wins face-off versus Jeff Carter in Flyers zone.
4:06 of 1st overtime period - Slapshot by Derek Boogaard.
4:06 of 1st overtime period - Shot Blocked by Oliver Ekman-Larsson.
4:36 of 1st overtime period - Drew Miller is hit by Phil Kessel and loses puck.
Goals for this period are 0 for Senateurs vs 0 for Flyers.
Shots for this period are 1 for Senateurs vs 2 for Flyers.

ShootOut


5:00 of 1st overtime period - Round #1.
5:00 of 1st overtime period - Senateurs, Sidney Crosby.
5:00 of 1st overtime period - Wrist shot by Sidney Crosby.
5:00 of 1st overtime period - Goal by Sidney Crosby.
5:00 of 1st overtime period - Flyers, Jeff Carter.
5:00 of 1st overtime period - Wrist shot by Jeff Carter.
5:00 of 1st overtime period - Goal by Jeff Carter.
5:00 of 1st overtime period - Round #2.
5:00 of 1st overtime period - Senateurs, Evgeni Malkin.
5:00 of 1st overtime period - Snap shot by Evgeni Malkin.
5:00 of 1st overtime period - Shot Misses the Net.
5:00 of 1st overtime period - Flyers, Jordan Nolan.
5:00 of 1st overtime period - Deke by Jordan Nolan.
5:00 of 1st overtime period - Stopped by Jaroslav Halak.
5:00 of 1st overtime period - Round #3.
5:00 of 1st overtime period - Senateurs, Phil Kessel.
5:00 of 1st overtime period - Deke by Phil Kessel.
5:00 of 1st overtime period - Stopped by Steve Mason.
5:00 of 1st overtime period - Flyers, J.T. Miller.
5:00 of 1st overtime period - Deke by J.T. Miller.
5:00 of 1st overtime period - Stopped by Jaroslav Halak.
5:00 of 1st overtime period - Round #4.
5:00 of 1st overtime period - Senateurs, Derek Boogaard.
5:00 of 1st overtime period - Backhand shot by Derek Boogaard.
5:00 of 1st overtime period - Shot Misses the Net.
5:00 of 1st overtime period - Flyers, Marcus Kruger.
5:00 of 1st overtime period - Snap shot by Marcus Kruger.
5:00 of 1st overtime period - Stopped by Jaroslav Halak.
5:00 of 1st overtime period - Round #5.
5:00 of 1st overtime period - Senateurs, Marek Svatos.
5:00 of 1st overtime period - Deke by Marek Svatos.
5:00 of 1st overtime period - Stopped by Steve Mason.
5:00 of 1st overtime period - Flyers, Jakub Voracek.
5:00 of 1st overtime period - Wrist shot by Jakub Voracek.
5:00 of 1st overtime period - Shot Misses the Net.
5:00 of 1st overtime period - Round #6.
5:00 of 1st overtime period - Senateurs, Peter Regin.
5:00 of 1st overtime period - Deke by Peter Regin.
5:00 of 1st overtime period - Goal by Peter Regin.
5:00 of 1st overtime period - Flyers, Mats Zuccarello.
5:00 of 1st overtime period - Snap shot by Mats Zuccarello.
5:00 of 1st overtime period - Shot Misses the Net.